 Dungeon Crawl Stone Soup version 0.27.1-33-g824d729ab1 (webtiles) character file.

Game seed: 921384939719636872

189 McKennaii the Magician (level 5, -3/38 HPs)
             Began as a Demigod Conjurer on Dec 8, 2021.
             Hit by a boomerang thrown by an orc warrior (8 damage)
             ... on level 4 of the Dungeon.
             The game lasted 00:03:03 (3979 turns).

McKennaii the Magician (Demigod Conjurer)           Turns: 3979, Time: 00:03:04

Health: -3/38      AC:  5    Str:  8    XL:     5   Next: 17%
Magic:  0/15       EV: 12    Int: 24    God:
Gold:   76         SH:  0    Dex: 18    Spells: 6/13 levels left

rFire    . . .     SeeInvis .   (no weapon)
rCold    . . .     Faith    .   (no shield)
rNeg     . . .     Spirit   .   a - +0 robe
rPois    .         Reflect  .   m - +0 helmet
rElec    .         Harm     .   (no cloak)
rCorr    .         Rampage  .   c - +1 pair of gloves {archery}
Will     .....                  (no boots)
Stlth    ++........             (no amulet)
HPRegen  0.12/turn              j - +6 ring of dexterity
MPRegen  0.14/turn              (no ring)

@: no status effects
A: high mp 1, forlorn
a: no special abilities


You were on level 4 of the Dungeon.
You visited 1 branch of the dungeon, and saw 4 of its levels.

You collected 76 gold pieces.

Inventory:

Armour
 a - a +0 robe (worn)
 c - a +1 pair of gloves of archery (worn)
 m - a +0 helmet (worn)
Jewellery
 j - a +6 ring of dexterity (left hand)
Scrolls
 b - 2 scrolls of summoning {unknown}
 d - 2 scrolls of identify {unknown}
 e - a scroll of teleportation {unknown}
 h - a scroll of magic mapping {unknown}
 i - a scroll of amnesia {unknown}
 k - a scroll of acquirement {unknown}
 n - a scroll of silence {unknown}
Potions
 f - a potion of attraction {unknown}
 g - a potion of haste {unknown}
 l - a potion of berserk rage {unknown}


   Skills:
 - Level 1.7 Dodging
 - Level 1.7 Stealth
 + Level 4.8 Spellcasting
 - Level 3.6 Conjurations


You had 6 spell levels left.
You knew the following spells:

 Your Spells              Type           Power      Damage    Failure   Level
a - Magic Dart            Conj           92%        1d7       1%          1
b - Searing Ray           Conj           46%        3d4       3%          2
c - Iskenderun's Mystic   Conj/Tloc      14%        2d5       38%         4

Your spell library contained the following spells:

 Spells                   Type           Power      Damage    Failure   Level
 Freeze                   Ice            20%        1d4       9%          1
 Dazzling Flash           Conj/Hex       28%        N/A       13%         3
 Frozen Ramparts          Ice            10%        1d3       26%         3
 Fulminant Prism          Conj/Hex       7%         3d7       38%         4
 Hailstorm                Conj/Ice       14%        3d5       38%         4


Dungeon Overview and Level Annotations

Branches:
Dungeon (4/15)
 Temple: D:4-7


Innate Abilities, Weirdness & Mutations

Your attributes grow dramatically as you level up.
You have an increased reservoir of magic. (+10% MP)
You shall have no god before yourself.


Message History

You don't know that spell.
The magic dart hits the orc!
You kill the orc!
Casting: Magic Dart (safe; 1% risk of failure)
Confirm with . or Enter, or press ? or * to list all spells.
Aiming: Searing Ray (safe; 3% risk of failure)
Press: ? - help, Shift-Dir - straight line, f - orc warrior
Aim: an orc warrior, wielding a +0 battleaxe, wearing a +0 plate armour and quivering boomerangs (lightly wounded, 78% to hit)
The searing ray hits the orc warrior!
The orc warrior is moderately wounded. (Press . to maintain the ray.)
The searing ray hits the orc warrior.
The orc warrior is heavily wounded.
Unknown command.
The searing ray hits the orc warrior.
The orc warrior is heavily wounded.
An orc comes into view.
It is wielding a +2 short sword of electrocution.
The orc warrior throws a boomerang.
The boomerang hits you.
Unknown command.
The searing ray hits the orc warrior!
The orc warrior is severely wounded.
You finish channeling your searing ray.
The orc shouts!
The orc warrior throws a boomerang.
The boomerang hits you.
Unknown command.
Casting: Searing Ray (safe; 3% risk of failure)
Confirm with . or Enter, or press ? or * to list all spells.
Aiming: Searing Ray (safe; 3% risk of failure)
Press: ? - help, Shift-Dir - straight line, f/p - orc warrior
Aim: an orc warrior, wielding a +0 battleaxe, wearing a +0 plate armour and quivering boomerangs (severely wounded, 78% to hit)
The searing ray hits the orc warrior but does no damage.
The orc warrior is severely wounded. (Press . to maintain the ray.)
The searing ray hits the orc warrior.
The orc warrior is almost dead.
The orc warrior hits you with a +0 battleaxe!!
* * * LOW HITPOINT WARNING * * *
Unknown command.
The orc warrior throws a boomerang.
The boomerang hits you!
You die...

#..>.........#
##......(....#
#......)..$..##
#.............#
##......)....###
##.......##.#....
.......o.#
##.#...
......)<## # .#
.......@# #
.........#
..........#
..#......##
.###......
#....... ###...#.
##..##.


You could see an orc warrior.

Vanquished Creatures
  Natasha (twice) (D:2)
  Robin (D:2)
  3 gnolls (D:2)
  2 adders (D:2)
  A worm (D:2)
  A dart slug (D:2)
  5 orcs
  5 endoplasms
  8 giant cockroaches
  11 goblins (D:2)
  7 hobgoblins
  6 jackals
  4 kobolds
  3 quokkas
  2 ball pythons
  5 bats
  2 frilled lizards (D:2)
  3 rats
71 creatures vanquished.

Vanquished Creatures (others)
  2 plants (D:3)
  5 withered plants (D:3)
7 creatures vanquished.

Grand Total: 78 creatures vanquished

Notes
Turn   | Place    | Note
-------+----------+-------------------------------------------
     0 | D:1      | McKennaii the Demigod Conjurer began the quest for the Orb.
     0 | D:1      | Reached XP level 1. HP: 14/14 MP: 5/5
    85 | D:1      | Reached skill level 2 in Spellcasting
   269 | D:1      | Reached XP level 2. HP: 15/20 MP: 2/8
   564 | D:1      | Learned a level 2 spell: Searing Ray
  1408 | D:2      | Reached skill level 3 in Spellcasting
  1621 | D:2      | Noticed Robin
  1627 | D:2      | Killed Robin
  1628 | D:2      | Reached XP level 3. HP: 26/26 MP: 0/10
  1969 | D:2      | Reached XP level 4. HP: 22/33 MP: 6/12
  2071 | D:2      | Learned a level 4 spell: Iskenderun's Mystic Blast
  2194 | D:2      | Noticed Natasha
  2197 | D:2      | Killed Natasha
  2198 | D:2      | Reached skill level 4 in Spellcasting
  2611 | D:2      | Noticed Natasha
  2617 | D:2      | Killed Natasha
  3031 | D:2      | Reached XP level 5. HP: 38/38 MP: 12/15
  3961 | D:4      | Noticed an orc warrior
  3979 | D:4      | Hit by a boomerang thrown by an orc warrior

Illustrated notes

Levels and vault maps discovered:
D:1:      psy_arrival_conway, layout_basic
D:2:      layout_basic, uniq_natasha, uniq_robin
D:3:      layout_rooms, lemuel_crystal_altar, nicolae_dithmenos_shadow_blocks,
          shapermc_ecumenical_altar_flowoftime, bh_walls_and_bars
D:4:      layout_cave_pools, minitemple

Skill      XL: |  1  2  3  4 |
---------------+-------------+-----
Spellcasting   | 2 3 4 |  4.8
Dodging        | |  1.7
Stealth        | |  1.7
Conjurations   | |  3.6

Action                   |  1- 3 |  4- 6 || total
-------------------------+-------+-------++-------
Melee: Unarmed           |    20 |    13 ||    33
 Cast: Magic Dart        |   101 |    79 ||   180
       Searing Ray       |     1 |     3 ||     4
Armor: Robe              |     9 |     1 ||    10
Dodge: Dodged            |    24 |     6 ||    30
